 Dungeon Crawl Stone Soup version 0.28.0-47-ge53b351184 (webtiles) character file.

Game seed: 645640834893082057

56 Zeld the Skirmisher (level 3, -5/33 HPs)
             Began as a Draconian Monk on Apr 28, 2022.
             Slain by Terence
             ... wielding a +0 morningstar
              (10 damage)
             ... on level 2 of the Dungeon.
             The game lasted 00:01:32 (2408 turns).

Zeld the Skirmisher (Draconian Monk)                Turns: 2408, Time: 00:01:32

Health: -5/33      AC:  5    Str: 15    XL:     3   Next: 71%
Magic:  3/3        EV: 12    Int: 10    God:
Gold:   119        SH:  0    Dex: 13    Spells: 2/2 levels left

rFire   . . .      SeeInvis .   a - +0 hand axe
rCold   . . .      Faith    .   (no shield)
rNeg    . . .      Spirit   .   (armour unavailable)
rPois   .          Reflect  .   (helmet restricted)
rElec   .          Harm     .   (no cloak)
rCorr   .          Rampage  .   (no gloves)
Will    .....                   (no boots)
Stlth   ++........              (no amulet)
HPRegen 0.11/turn               (no ring)
MPRegen 0.08/turn               (no ring)

@: no status effects
A: AC +5, unfitting armour, cold-blooded
a: no special abilities


You were on level 2 of the Dungeon.
You visited 1 branch of the dungeon, and saw 2 of its levels.

You collected 119 gold pieces.

Inventory:

Hand Weapons
 a - a +0 hand axe (weapon)
Scrolls
 b - 5 scrolls of identify {unknown}
 d - a scroll of immolation {unknown}
 e - a scroll of magic mapping {unknown}
Potions
 c - a potion of degeneration {unknown}


   Skills:
 * Level 4.0 Fighting
 * Level 3.6 Axes
 + Level 3.0 Dodging
 + Level 2.3 Stealth


You had 2 spell levels left.
You didn't know any spells.
Your spell library was empty.

Dungeon Overview and Level Annotations

Branches:
Dungeon (2/15)

Altars:
Wu Jian

Annotations:
D:2 Terence


Innate Abilities, Weirdness & Mutations

Your plain brown scales are hard. (AC +5)
You cannot fit into any form of body armour.
You are cold-blooded and may be slowed by cold attacks.


Message History

You hit Terence but do no damage. Terence barely misses you. x2
You hit Terence but do no damage. Terence misses you.
You closely miss Terence. Terence closely misses you.
You slash Terence!
Terence is moderately wounded.
Terence hits you with a +0 morningstar!
You hit Terence.
Terence is heavily wounded.
Terence closely misses you.
You completely miss Terence.
Terence is heavily wounded.
Terence hits you with a +0 morningstar.
You are too injured to fight recklessly!
You are too injured to fight recklessly!
You are too injured to fight recklessly!
You hit Terence.
Terence is severely wounded.
Terence closely misses you.
You hit Terence but do no damage.
Your tail-slap misses Terence.
Terence is severely wounded.
Terence hits you with a +0 morningstar!
* * * LOW HITPOINT WARNING * * *
Terence misses you.
Unknown command.
You barely miss Terence.
Terence is severely wounded.
Terence closely misses you.
Unknown command.
You barely miss Terence.
Terence is severely wounded.
Terence closely misses you.
Unknown command.
You hit Terence but do no damage.
Terence is severely wounded.
Terence barely misses you.
Unknown command.
You barely miss Terence.
Terence is severely wounded.
Terence hits you with a +0 morningstar!
You die...

.................................
..#+#...#.##.#####.#.##..##.....#
........#.##รท.##......#..##.....#
........#.....##......#..##......
........####..##......#..########
##......####)..#.........# ####
.....####....#.###.####..# #...
.....# #....#.###.......# #...
.....# #....#..@@.#.....# #...
.....# #....##..#.#.#...#####...
.....# ####.....#.#.............
.....# ####.##.#.#.....##....
....## ####..#...............
....# #......##.##.##.##.... ....#
#......+..#........... ....#
######......#..#..##.#(.>.. #####
#...##.........#..##.#.....


You could see Terence.

Vanquished Creatures
  2 adders (D:2)
  A worm (D:2)
  A dart slug (D:2)
  4 bats
  2 endoplasms
  2 giant cockroaches
  2 goblins
  3 hobgoblins
  3 quokkas (D:1)
  3 ball pythons
  A frilled lizard (D:2)
  4 kobolds (D:1)
  3 rats (D:2)
31 creatures vanquished.

Notes
Turn   | Place    | Note
-------+----------+-------------------------------------------
     0 | D:1      | Zeld the Draconian Monk began the quest for the Orb.
     0 | D:1      | Reached XP level 1. HP: 19/19 MP: 1/1
   226 | D:1      | Reached XP level 2. HP: 13/26 MP: 2/2
   627 | D:1      | Found a faded altar of an unknown god.
  1249 | D:2      | Reached XP level 3. HP: 33/33 MP: 3/3
  1917 | D:2      | Found an ornate altar of the Wu Jian Council.
  1984 | D:2      | Reached skill level 4 in Fighting
  2051 | D:2      | Noticed Terence
  2408 | D:2      | Slain by Terence

Illustrated notes

Levels and vault maps discovered:
D:1:      saegor_arrival_under_anarchy, layout_basic,
          shapermc_ecumenical_altar_gd, nicolae_concentric_dashed_squares_wild,
          minivault_26
D:2:      layout_basic, basic_altar, uniq_terence

Skill      XL: |  1  2  3 |
---------------+----------+-----
Stealth        | 2 |  2.3
Fighting       | 4 |  4.0
Dodging        | 3 |  3.0
Axes           | |  3.6

Action                   || total
-------------------------++-------
Melee: Hand axe          ||   119
       Tailslap          ||    11
 Stab: Sleeping          ||     5
Armor: Skin              ||    47
Dodge: Dodged            ||    97
